 Dungeon Crawl Stone Soup version 0.30-a0-883-g5ad918d77d (webtiles) character file.

Game seed: 13727868855664319309

15563 NinjaNoafa the Fighter (level 12, -19/96 HPs)
             Began as a Djinni Conjurer on Mar 16, 2023.
             Was an Initiate of Ashenzari.
             Killed from afar by a frost giant (47 damage)
             ... with a bolt of cold
             ... on level 11 of the Dungeon.
             The game lasted 00:26:17 (9495 turns).

NinjaNoafa the Fighter (Djinni Conjurer)            Turns: 9495, Time: 00:26:18

Health: -19/96     AC: 10    Str:  6    XL:     12   Next: 59%
Gold:   505        EV: 18    Int: 31    God:    Ashenzari [......] SH:  0 Dex: 12

rFire   + + +      SeeInvis .    n - +8 lance "Wyrmbane" {slay drac, rPois rF+ rC+ AC+3}
rCold   . . .      Faith    .    (no shield)
rNeg    . . .      Spirit   .    V - +0 troll leather armour
rPois   ∞          Reflect  .    c - +0 helmet of Ashenzari's Orthodoxy {Cun, Evo} (curse)
rElec   .          Rampage  .    (no cloak)
rCorr   .                        M - +0 pair of gloves
Will    +....                    (boots unavailable)
Stlth   ++                       (no amulet)
HPRegen 1.96/turn                K - +5 ring of evasion
MPRegen 0.00/turn                I - +6 ring of intelligence

@: wereblooded, flying, very slightly contaminated
A: sickness immunity, fire resistance 2, cold vulnerability 1, float, innate
caster, HP casting, extra vitality 1, deterioration 1, regeneration 1, wild
magic 1
a: Renounce Religion, Curse Item, Shatter the Chains


You were on level 11 of the Dungeon.
You worshipped Ashenzari.
Ashenzari was noncommittal.
You visited 2 branches of the dungeon, and saw 12 of its levels.
You also visited: Sewer and Ossuary.

You collected 708 gold pieces.
You spent 203 gold pieces at shops.

Inventory:

Hand Weapons
 n - the +8 lance "Wyrmbane" (weapon) {slay drac, rPois rF+ rC+ AC+3}
   (You found it on level 2 of the Dungeon)

   AC:        It affects your AC (+3).
   rF:        It protects you from fire.
   rC:        It protects you from cold.
   rPois:     It protects you from poison.
Missiles
 b - 8 boomerangs
 j - 3 throwing nets
 o - 58 poisoned darts
 S - 2 curare-tipped darts
Armour
 c - the cursed +0 helmet of Ashenzari's Orthodoxy (worn) {Cun, Evo}
   (You found it on level 1 of the Dungeon)

   It has a curse which improves the following skills: Cunning: Dodging and
   Stealth.
   Evocations: Evocations.
 M - a +0 pair of gloves (worn)
 U - a +0 kite shield
 V - a +0 troll leather armour (worn)
Magical Staves
 e - a staff of earth
 r - a staff of air
 Q - a staff of cold
Jewellery
 f - a ring of protection from cold
 I - a +6 ring of intelligence (right hand)
 K - a +5 ring of evasion (left hand)
 O - the ring "Eloriaru" {rF+ Dex+2 Stlth+}
   (You found it on level 8 of the Dungeon)

   [ring of protection from fire]

   Dex:       It affects your dexterity (+2).
   rF:        It protects you from fire.
   Stlth:     It makes you more stealthy.
Wands
 w - a wand of mindburst (18)
 C - a wand of digging (4)
 J - a wand of acid (10)
 P - a wand of flame (8)
 T - a wand of roots (3)
Scrolls
 g - a scroll of vulnerability {unknown}
 m - 3 scrolls of fear
 p - 3 scrolls of enchant weapon {unknown}
 q - 9 scrolls of teleportation
 s - 5 scrolls of fog
 y - 2 scrolls of magic mapping {unknown}
 z - 2 scrolls of poison {unknown}
 A - 2 scrolls of brand weapon {unknown}
 B - 3 scrolls of silence
 D - 2 scrolls of amnesia {unknown}
 E - 2 scrolls of acquirement {unknown}
 G - 4 scrolls of immolation {unknown}
 L - 2 scrolls of noise {unknown}
Potions
 a - 5 potions of lignification
 d - 9 potions of curing
 h - 4 potions of flight
 i - 2 potions of ambrosia {unknown}
 k - a potion of brilliance
 l - 6 potions of resistance
 t - 8 potions of heal wounds
 u - 2 potions of mutation
 v - 4 potions of might
 x - 2 potions of attraction
 F - a potion of magic {unknown}
 H - a potion of invisibility {unknown}


   Skills:
 + Level 12.9 Fighting
 - Level 4.0 Armour
 - Level 6.0(6.4) Dodging
 - Level 1.5(1.9) Stealth
 - Level 10.0 Spellcasting
 - Level 5.6(6.0) Evocations


You knew the following spells:

 Your Spells              Type           Power      Damage    Failure   Level
a - Swiftness             Air            79%        N/A       1%          3
b - Searing Ray           Conj           100%       2d8       1%          2
c - Dazzling Flash        Conj/Hex       100%       N/A       1%          3
d - Fulminant Prism       Conj/Hex       39%        3d17      1%          4
e - Iskenderun's Mystic   Conj/Tloc      79%        2d16      1%          4
f - Olgreb's Toxic Radia  Pois           79%        N/A       1%          4
g - Wereblood             Tmut           79%        N/A       1%          2
h - Vampiric Draining     Necr           79%        2d11      1%          3
i - Magic Dart            Conj           100%       1d8       1%          1
j - Kiss of Death         Conj/Necr      100%       2d13      1%          1
Your spell library was empty.

Dungeon Overview and Level Annotations

Branches:
Dungeon (11/15)            Temple (1/1) D:7            Lair (0/5) D:10
    Orc (0/2) D:10          Sewer (visited)         Ossuary (visited)

Altars:
Ashenzari
Cheibriados
Dithmenos
Elyvilon
Fedhas
Gozag
Hepliaklqana
Makhleb
Nemelex Xobeh
Okawaru
Qazlal
Ru
Trog
Uskayaw
Wu Jian
Xom
Yredelemnul
Zin
The Shining One

Shops:
D:1 [   D:3 *


Innate Abilities, Weirdness & Mutations

You are immune to sickness and miasma.
You are immune to poison.
Your flesh is very heat resistant. (rF++)
You are vulnerable to cold. (rC-)
You float through the air rather than walking.
You learn spells naturally, not from books.
Your magical power is your life essence.
You have superior vitality. (+4 MHP)
Your body sometimes deteriorates upon taking damage.
Your natural rate of healing is unusually fast.
Your spells are a little harder to cast, but a little more powerful.


Message History

Your fulminant prism explodes!
The blast of energy engulfs the frost giant!!
The frost giant is moderately wounded.
The blast of energy engulfs the fire giant!
The fire giant is moderately wounded.
The blast of energy engulfs the orc warlord!!
The orc warlord is almost dead.
Casting: Iskenderun's Mystic Blast (mildly dangerous; 1% risk of failure)
Press: ? - help, Q - select action, (/) - cycle Dir - look around, f - activate You erupt in a blast of force!
The mystic blast hits the fire giant!!
The fire giant is moderately wounded.
The fire giant is knocked back by the mystic blast.
The fire giant slams into the stone wall!
The fire giant is heavily wounded.
The mystic blast hits the orc warlord.
The orc warlord is almost dead.
* * * LOW HITPOINT WARNING * * *
The orc warlord looks as sick as possible!
The orc warlord hits you with a +0 long sword!
* * * LOW HITPOINT WARNING * * *
You feel much better.
The orc warlord looks as sick as possible!
Your toxic aura wanes.
The orc warlord hits you with a +0 long sword.
* * * LOW HITPOINT WARNING * * *
The fire giant misses you.
Casting: Iskenderun's Mystic Blast (mildly dangerous; 1% risk of failure)
Press: ? - help, Q - select action, (/) - cycle Dir - look around, f - activate You erupt in a blast of force!
The mystic blast hits the frost giant!!
The frost giant is heavily wounded.
The mystic blast hits the fire giant.
The fire giant is severely wounded.
The mystic blast hits the orc warlord!!
You feel a bit better.
You kill the orc warlord!
* * * LOW HITPOINT WARNING * * *
The fire giant hits you with a +0 great sword of flaming!
* * * LOW HITPOINT WARNING * * *
The frost giant casts a spell at you. The bolt of cold hits you!!!
You die...

.....# #.###
.....# #...#####
.....#####.#.')..#
.....'.....###)..#
.....####### #...#
###### #†..#
#...####'#
#...C....#
#..@)...$#
#...C....#
##########


You could see a frost giant (poisoned) and a fire giant (very poisoned).

Vanquished Creatures
  An orc warlord (D:11)
  Erolcha (D:9)
  A two-headed ogre (D:11)
  A tengu warrior (D:11)
  Amaemon (D:8)
  Pikel (D:6)
  3 ugly things
  An orange demon (D:8)
  A gargoyle (D:11)
  2 unseen horrors
  Maggie (D:7)
  A komodo dragon (D:10)
  A troll (shapeshifter) (D:11)
  2 trolls
  Grinder (D:3)
  A hornet (D:8)
  Sigmund (D:6)
  A shadow (D:9)
  A vampire (D:10)
  3 wyverns
  5 yaks (D:11)
  A steam dragon (D:10)
  Edmund (D:6)
  An acid dragon (D:10)
  4 water moccasins
  3 black bears
  2 ice beasts (D:7)
  4 orc warriors
  5 sky beasts
  4 ogres
  4 centaurs
  A lemure (D:6)
  2 phantoms
  2 elf zombies (Ossuary)
  10 kobold brigands
  3 bullfrogs
  3 gnoll sergeants (D:10)
  5 scorpions
  10 wights
  20 killer bees
  2 howler monkeys
  2 human zombies (Ossuary)
  A centaur zombie (Ossuary)
  5 jellies
  4 hounds
  5 orc priests
  A gnoll bouda (D:7)
  3 sleepcaps
  6 iguanas
  6 orc wizards
  2 mummies (Ossuary)
  13 gnolls
  14 adders
  9 river rats
  2 shadow imps
  An adder zombie (Ossuary)
  3 worms
  5 dart slugs
  31 orcs
  14 ball pythons
  13 endoplasms
  5 giant cockroaches
  8 goblins
  5 hobgoblins
  6 quokkas
  4 frilled lizards
  2 goblin zombies (Ossuary)
  5 hobgoblin zombies (Ossuary)
  A jackal zombie (Ossuary)
  37 kobolds
  12 kobold zombies (Ossuary)
  9 orc zombies (Ossuary)
  28 rats
  2 rat zombies (Ossuary)
382 creatures vanquished.

Vanquished Creatures (others)
  11 fulminant prisms
  13 plants
24 creatures vanquished.

Grand Total: 406 creatures vanquished

Notes
Turn   | Place    | Note
-------+----------+-------------------------------------------
     0 | D:1      | NinjaNoafa the Djinni Conjurer began the quest for the Orb.
     0 | D:1      | NinjaNoafa set off with the following spells memorised:
                  | Magic Dart, Searing Ray, Dazzling Flash, Fulminant Prism,
                  | Iskenderun's Mystic Blast.
     0 | D:1      | Reached XP level 1. HP: 15/15 MP: 0/0
     0 | D:1      | Noticed a white draconian
     0 | D:1      | Noticed an orb of fire
     1 | D:1      | Noticed a black draconian
     4 | D:1      | Noticed a tentacled monstrosity
     6 | D:1      | Noticed a green draconian
     7 | D:1      | Noticed a shadow dragon
     8 | D:1      | Noticed a large abomination
     9 | D:1      | Noticed a white draconian
    11 | D:1      | Noticed a green draconian
    13 | D:1      | Noticed an ice dragon
    15 | D:1      | Noticed an ice dragon
    15 | D:1      | Noticed an ice dragon
    17 | D:1      | Noticed a tentacled monstrosity
    17 | D:1      | Noticed a shadow dragon
    19 | D:1      | Noticed an orb of fire
    19 | D:1      | Noticed an iron dragon
    71 | D:1      | Reached XP level 2. HP: 18/22 MP: 0/0
   121 | D:1      | Found Epovyvad's Antique Armour Boutique.
   242 | D:1      | Reached skill level 1 in Fighting
   283 | D:1      | Reached XP level 3. HP: 25/27 MP: 0/0
   283 | D:1      | Learned a level 1 spell: Kiss of Death
   637 | D:1      | Found a faded altar of an unknown god.
  1006 | D:2      | Reached XP level 4. HP: 21/33 MP: 0/0
  1131 | D:2      | Found a blossoming altar of Fedhas.
  1152 | D:2      | Found the +8 lance "Wyrmbane" {slay drac, rPois rF+ rC+
                  | AC+3}
  1354 | D:2      | Reached skill level 2 in Fighting
  1789 | D:3      | Noticed Grinder
  1789 | D:3      | Paralysed by Grinder for 3 turns
  1799 | D:3      | Gained mutation: Your spells are a little easier to cast,
                  | but a little less powerful. [potion of mutation]
  1799 | D:3      | Gained mutation: You are very vulnerable to cold. (rC--)
                  | [potion of mutation]
  1800 | D:3      | Lost mutation: Your spells are a little easier to cast, but
                  | a little less powerful. [potion of mutation]
  1800 | D:3      | Lost mutation: You are very vulnerable to cold. (rC--)
                  | [potion of mutation]
  1800 | D:3      | Gained mutation: You are frail. (-10% HP) [potion of
                  | mutation]
  1800 | D:3      | Gained mutation: You are strong-willed. (Will+) [potion of
                  | mutation]
  1805 | D:3      | Killed Grinder
  1806 | D:3      | Reached skill level 3 in Fighting
  1806 | D:3      | Reached skill level 5 in Spellcasting
  1806 | D:3      | Reached XP level 5. HP: 3/36 MP: 0/0
  1806 | D:3      | Learned a level 2 spell: Wereblood
  1806 | D:3      | Reached XP level 6. HP: 3/41 MP: 0/0
  2361 | D:3      | Found Cemielud's Assorted Antiques.
  2367 | D:3      | Bought a silvery potion for 22 gold pieces
  2367 | D:3      | Bought a scroll labelled ANTAUF UNI GAS for 25 gold pieces
  2367 | D:3      | Bought a potion of curing for 75 gold pieces
  2438 | D:3      | Found an iron altar of Okawaru.
  2443 | D:3      | Found a sparkling altar of Nemelex Xobeh.
  2907 | D:4      | Found a basalt altar of Yredelemnul.
  2920 | D:4      | Found a bloodstained altar of Trog.
  3222 | D:4      | Reached XP level 7. HP: 42/45 MP: 0/0
  3222 | D:4      | Learned a level 3 spell: Vampiric Draining
  3404 | D:5      | Entered Level 5 of the Dungeon
  3547 | D:5      | Found a sand-covered staircase.
  3552 | Ossuary  | Entered an ossuary
  3675 | Ossuary  | Reached skill level 4 in Fighting
  3743 | Ossuary  | Lost mutation: You are strong-willed. (Will+) [potion of
                  | mutation]
  3743 | Ossuary  | Lost mutation: You are frail. (-10% HP) [potion of
                  | mutation]
  3743 | Ossuary  | Gained mutation: Your body sometimes deteriorates upon
                  | taking damage. [potion of mutation]
  3743 | Ossuary  | Gained mutation: Your spells are a little harder to cast,
                  | but a little more powerful. [potion of mutation]
  3743 | Ossuary  | Gained mutation: Your natural rate of healing is unusually
                  | fast. [potion of mutation]
  3758 | Ossuary  | Reached XP level 8. HP: 16/58 MP: 0/0
  3881 | D:5      | Found an opulent altar of Gozag.
  4284 | D:5      | Reached skill level 5 in Fighting
  4367 | D:5      | Found a glowing golden altar of the Shining One.
  4382 | D:5      | Found an ornate altar of the Wu Jian Council.
  4385 | D:5      | Found a burning altar of Makhleb.
  4505 | D:6      | Noticed Pikel
  4508 | D:6      | Reached XP level 9. HP: 50/66 MP: 0/0
  4508 | D:6      | Learned a level 3 spell: Swiftness
  4518 | D:6      | Killed Pikel
  4519 | D:6      | Reached skill level 6 in Fighting
  4750 | D:6      | Found a hide-covered altar of Uskayaw.
  4904 | D:6      | Reached skill level 7 in Fighting
  5025 | D:6      | Found a glowing drain.
  5036 | Sewer    | Entered a sewer
  5184 | Sewer    | Reached XP level 10. HP: 66/75 MP: 0/0
  5635 | D:6      | Noticed Sigmund
  5641 | D:6      | Killed Sigmund
  5674 | D:6      | Noticed Edmund
  5680 | D:6      | Killed Edmund
  6017 | D:7      | Reached skill level 8 in Fighting
  6060 | D:7      | Identified the +5 hand axe "Arasoir" {spect, *Rage rPois
                  | rC+ Str+3}
  6173 | D:7      | Reached skill level 9 in Fighting
  6213 | D:7      | Noticed a green ugly thing
  6223 | D:7      | Killed a green ugly thing
  6250 | D:7      | Found a staircase to the Ecumenical Temple.
  6278 | Temple   | Entered the Ecumenical Temple
  6321 | Temple   | Became a worshipper of Ashenzari the Shackled
  6411 | D:7      | Noticed Maggie
  6418 | D:7      | Killed Maggie
  6419 | D:7      | Reached skill level 10 in Spellcasting
  6453 | D:7      | Found a sacrificial altar of Ru.
  6671 | D:8      | Reached XP level 11. HP: 85/85 MP: 0/0
  6671 | D:8      | Learned a level 4 spell: Olgreb's Toxic Radiance
  6674 | D:8      | Reached skill level 10 in Fighting
  6690 | D:8      | Identified the ring "Eloriaru" {rF+ Dex+2 Stlth+}
  6815 | D:8      | Noticed Amaemon
  6825 | D:8      | Killed Amaemon
  6826 | D:8      | Reached skill level 5 in Dodging
  7432 | D:9      | Reached skill level 11 in Fighting
  7603 | D:9      | Reached skill level 1 in Evocations
  7685 | D:9      | Noticed Erolcha
  7697 | D:9      | Killed Erolcha
  7883 | D:10     | Entered Level 10 of the Dungeon
  8214 | D:10     | Found a staircase to the Lair.
  8532 | D:10     | Found a staircase to the Orcish Mines.
  8540 | D:10     | Reached skill level 12 in Fighting
  8540 | D:10     | Reached XP level 12. HP: 89/95 MP: 0/0
  8775 | D:1      | Bought a pair of gloves for 81 gold pieces
  9120 | D:11     | Reached skill level 1 in Armour
  9123 | D:11     | Reached skill level 5 in Evocations
  9470 | D:11     | Noticed a two-headed ogre
  9475 | D:11     | Noticed a tengu warrior
  9476 | D:11     | Killed a two-headed ogre
  9478 | D:11     | Killed a tengu warrior
  9484 | D:11     | Noticed an orc warlord
  9488 | D:11     | Noticed a fire giant
  9490 | D:11     | Noticed a frost giant
  9495 | D:11     | Killed an orc warlord
  9495 | D:11     | Killed from afar by a frost giant

Illustrated notes

Levels and vault maps discovered:
D:1:      shiori_arrival_whats_in_store_for_you, layout_basic, serial_bayou,
          serial_bayou_pond_d, serial_bayou_crossing, serial_bayou_lagoon_b,
          serial_bayou_shore_a, serial_shops, shop, ebering_ecumenical_altar_box
D:2:      layout_basic, basic_altar
D:3:      layout_basic, nicolae_overflow_squiral, serial_shops,
          nicolae_square_shop, uniq_grinder
D:4:      layout_basic, mainiacjoe_overflow_catwalk_spiral
D:5:      nicolae_BIG_FREAKIN_CUBE, layout_loops_cross,
          nicolae_overflow_hallway_of_the_gods, enter_ossuary_2,
          minmay_joined_circles
D:6:      layout_basic, old_standard_altar, portal_sewer_entry_b,
          sigmund_edmund_badplayer, uniq_pikel, uniq_sigmund
D:7:      layout_rooms, mainiacjoe_overflow_paths, minmay_temple_entry_wispy,
          st_stairs_14, minmay_fractal_squares_5, uniq_maggie
D:8:      layout_layer_cave, uniq_amaemon
D:9:      layout_irregular_city, uniq_erolcha
D:10:     layout_gridville, david_lair_shrubbed,
          kennysheep_orc_monster_closet_entryway, minmay_misc_feat_room
D:11:     minmay_shrinking_squares, layout_basic
Temple:   hellmonk_temple_beads

Skill      XL: |  1  2  3  4  5  6  7  8  9 10 11 12 |
---------------+-------------------------------------+-----
Fighting       | 1 3 4 5 7 9 12 | 12.9
Spellcasting   | 4 5 6 7 8 10 | 10.0
Dodging        | 6 |  6.0
Evocations     | 4 5 |  5.6
Armour         | 4 |  4.0
Stealth        | |  1.5

Action                     |  1- 3 |  4- 6 |  7- 9 | 10-12 || total
---------------------------+-------+-------+-------+-------++-------
  Melee: Staff             |     1 |       |       |       ||     1
         Lance             |       |    11 |    30 |    28 ||    69
   Cast: Magic Dart        |    45 |    34 |     2 |       ||    81
         Searing Ray       |     9 |    28 |    28 |     1 ||    66
         Wereblood         |       |     4 |    15 |    26 ||    45
         Dazzling Flash    |       |     1 |       |     1 ||     2
         Vampiric Draining |       |       |    27 |    45 ||    72
         Iskenderun's Myst |       |       |    54 |    86 ||   140
         Fulminant Prism   |       |       |     4 |     7 ||    11
         Swiftness         |       |       |       |     2 ||     2
         Olgreb's Toxic Ra |       |       |       |    36 ||    36
 Invoke: Curse Item        |       |       |       |     1 ||     1
    Use: Potion            |       |     3 |     2 |     1 ||     6
         Scroll            |       |       |     9 |     4 ||    13
   Stab: Sleeping          |       |     2 |       |       ||     2
 Armour: Robe              |     4 |     8 |    54 |    27 ||    93
         Steam dragon scal |       |       |       |    15 ||    15
         Troll leather arm |       |       |       |    11 ||    11
  Dodge: Dodged            |     4 |    29 |    85 |   111 ||   229

Table legend: (Time is in decaauts)
 A = Elapsed time spent in this place.
 B = Non-inter-level travel time spent in this place.
 C = Inter-level travel time spent in this place.
 D = Time resting spent in this place.
 E = Time spent auto-exploring this place.
 F = Levels seen in this place.
 G = Mean time per level.
                   A        B        C        D        E       F      G
               +--------+--------+--------+--------+--------+-----+--------+
         Total |   9507 |   8550 |    957 |    118 |   6207 |  14 |  679.1 |
       Dungeon |   8624 |   7679 |    945 |    118 |   5730 |  11 |  784.0 |
        Temple |    122 |    110 |     12 |      0 |     75 |   1 |  122.0 |
         Sewer |    454 |    454 |      0 |      0 |    277 |   1 |  454.0 |
       Ossuary |    306 |    306 |      0 |      0 |    125 |   1 |  306.0 |
               +--------+--------+--------+--------+--------+-----+--------+

Top non-repeatable levels by time:
     D:6: 1133 daAuts
     D:3: 1029 daAuts
     D:2: 1003 daAuts
     D:1: 983 daAuts
     D:5: 788 daAuts
    D:10: 759 daAuts
     D:9: 696 daAuts
     D:8: 604 daAuts
     D:4: 601 daAuts
     D:7: 588 daAuts
   Sewer: 454 daAuts
    D:11: 438 daAuts
 Ossuary: 306 daAuts
  Temple: 122 daAuts
